Map: Honorgrounds LE

Players

Railgan

  • Race: Zerg Zerg
  • League: Grandmaster
  • Spawn Location: 1:00

ShaDoWn - Winner!

  • Race: Protoss Protoss
  • League: Grandmaster
  • Spawn Location: 5:00

VOD

Have the link to the VOD?

Description

Time

  • Played on: March 12, 2017, 5:20 p.m.
  • Length: 20:54
Show
View Real Time Build Order
Export as new Build Order

Railgan Zerg 

Build Orders: Hatch First, Lurkers 

Get SALT Encoding   

  12  0:01  Drone  
  13  0:12  Overlord  
  13  0:17  Drone  
  14  0:30  Drone x2  
  14  0:34  Drone  
  17  0:45  Drone  
  18  0:56  Hatchery  
  17  1:00  Extractor, Drone  
  17  1:16  Spawning Pool  
  16  1:19  Drone  
  16  1:21  Drone  
  18  1:28  Drone  
  19  1:38  Overlord  
  19  1:49  Drone  
  20  2:03  Queen  
  20  2:04  Zergling x2  
  20  2:07  Queen  
  25  2:09  Drone  
  25  2:11  Drone  
  27  2:19  Drone  
  29  2:22  Drone  
  29  2:23  Metabolic Boost  
  29  2:29  Drone  
  30  2:33  Drone  
  31  2:40  Drone, Queen  
  31  2:43  Overlord  
  34  2:49  Evolution Chamber  
  34  2:50  Drone  
  34  2:54  Drone  
  35  3:04  Drone  
  36  3:07  Zergling x2  
  37  3:13  Drone x2  
  37  3:15  Zergling x4  
  37  3:16  Zergling x2  
  37  3:17  Zergling x2  
  37  3:19  Zerg Melee Weapons Level 1  
  42  3:24  Overlord  
  42  3:25  Drone  
  43  3:28  Lair  
  43  3:30  Extractor  
  42  3:40  Drone  
  43  3:41  Overlord  
  43  3:45  Drone x2  
  45  3:49  Extractor  
  45  3:50  Drone x2  
  45  3:51  Drone x3  
  49  3:59  Drone x2  
  49  4:00  Drone  
  52  4:05  Drone  
  53  4:19  Drone  
  53  4:20  Drone, Hatchery  
  53  4:23  Drone  
  55  4:29  Drone x6  
  57  4:32  Overlord  
  57  4:36  Hydralisk Den  
  56  4:39  Extractor  
  56  4:44  Zergling x4  
  56  4:45  Roach Warren  
  56  4:48  Baneling Nest  
  56  4:51  Zergling x2  
  57  4:53  Zergling x2  
  58  5:02  Overlord  
  58  5:07  Hydralisk  
  58  5:08  Hydralisk x3  
  58  5:09  Muscular Augments  
  66  5:17  Overlord  
  66  5:26  Hydralisk x3, Overlord  
  72  5:30  Zerg Missile Weapons Level 1  
  72  5:34  Hydralisk x2  
  76  5:37  Zergling x2  
  76  5:41  Baneling x3  
  76  5:42  Zergling x2  
  78  5:43  Baneling  
  78  5:45  Zergling x4  
  80  5:54  Zergling x4  
  80  5:55  Zergling x8  
  86  5:58  Zergling x2  
  86  6:00  Zergling x2  
  86  6:01  Overlord  
  86  6:03  Zergling x2  
  89  6:05  Zergling x2  
  89  6:06  Zergling x2  
  89  6:08  Zergling x2  
  89  6:09  Zergling x2  
  93  6:12  Hydralisk  
  94  6:20  Hydralisk  
  96  6:27  Hydralisk  
  96  6:28  Hydralisk x3  
  96  6:31  Hydralisk  
  97  6:42  Baneling x11  
  97  6:43  Zergling x2  
  97  6:45  Zergling x2  
  97  6:52  Zergling x2  
  97  6:53  Zergling x10  
  101  6:54  Overlord  
  101  6:57  Zergling x2  
  100  7:02  Zergling x6  
  91  7:19  Zergling x22  
  91  7:21  Hydralisk  
  93  7:26  Hydralisk  
  93  7:27  Hydralisk  
  95  7:34  Hydralisk x2  
  97  7:40  Hydralisk  
  99  7:46  Hydralisk, Zergling x2  
  99  7:47  Hydralisk  
  99  7:50  Hydralisk x2  
  102  7:57  Baneling x8  
  102  7:58  Baneling x2  
  102  7:59  Baneling  
  102  8:00  Baneling x2  
  102  8:02  Baneling  
  102  8:03  Baneling  
  102  8:06  Zergling x2  
  102  8:07  Overseer  
  102  8:10  Zergling x6  
  102  8:12  Zergling x2  
  107  8:16  Zergling x2  
  107  8:17  Zergling x4  
  106  8:22  Hydralisk  
  106  8:24  Hydralisk  
  91  8:41  Drone x4  
  91  8:42  Hydralisk  
  91  8:43  Hydralisk x2  
  91  8:45  Zergling x4  
  103  8:52  Baneling x7  
  103  8:53  Baneling x2  
  103  8:58  Zergling x6  
  103  9:01  Zergling x4  
  99  9:17  Zergling x22  
  106  9:30  Zergling x2  
  106  9:31  Zergling x14  
  112  9:39  Hydralisk  
  112  9:43  Overlord  
  112  9:45  Zerg Missile Weapons Level 2  
  111  9:46  Hydralisk  
  111  9:47  Overlord  
  111  9:48  Lurker Den  
  112  9:57  Hydralisk  
  112  9:58  Hydralisk  
  112  9:59  Overlord  
  113  10:03  Drone x2  
  113  10:04  Drone  
  116  10:07  Extractor  
  116  10:08  Hydralisk x2  
  116  10:09  Extractor  
  116  10:24  Hydralisk x5  
  116  10:25  Zergling x2  
  127  10:38  Drone  
  127  10:39  Drone x4  
  127  10:40  Drone  
  132  10:45  Zergling x2  
  132  10:46  Overlord, Zergling x8  
  133  10:54  Overlord  
  133  10:56  Overlord  
  129  10:58  Overlord  
  129  11:09  Overseer  
  129  11:10  Hatchery  
  128  11:18  Lurker x4  
  131  11:23  Zergling x2  
  126  11:27  Lurker x5  
  126  11:28  Hydralisk  
  126  11:29  Zergling x2  
  134  11:43  Hydralisk x2  
  122  11:59  Hydralisk  
  122  12:00  Hydralisk x7  
  131  12:02  Zergling x16  
  138  12:25  Hatchery  
  137  12:31  Hydralisk x3  
  137  12:32  Hydralisk  
  137  12:34  Lurker  
  137  12:36  Baneling x4  
  137  12:37  Lurker x4  
  147  12:43  Hydralisk  
  146  13:07  Hatchery  
  145  13:13  Overlord x3  
  145  13:17  Pneumatized Carapace  
  139  13:49  Zergling x2  
  139  13:50  Zergling x12  
  146  13:55  Lurker  
  146  13:56  Lurker x10  
  146  13:59  Zergling x8  
  161  14:12  Hydralisk x3  
  153  14:26  Hydralisk x3  
  153  14:28  Hydralisk  
  151  14:31  Drone  
  151  14:32  Drone  
  148  15:09  Hydralisk  
  150  15:14  Hydralisk x4  
  150  15:15  Hydralisk x2  
  150  15:20  Overseer  
  162  15:21  Hydralisk  
  162  15:23  Lurker x3  
  162  15:26  Zergling x2  
  161  15:37  Hydralisk x5  
  161  15:40  Hydralisk  
  151  15:47  Hydralisk x2  
  141  15:51  Hydralisk  
  141  15:54  Hydralisk  
  145  15:58  Hydralisk  
  145  16:02  Hydralisk  
  149  16:06  Hydralisk  
  149  16:09  Hydralisk  
  153  16:16  Hydralisk  
  154  16:18  Hydralisk  
  154  16:22  Hydralisk  
  129  16:46  Hydralisk  
  121  16:51  Drone x2  
  121  16:54  Hydralisk x2  
  126  17:05  Drone  
  126  17:06  Drone x3  
  126  17:08  Drone x2  
  129  17:13  Hydralisk  
  128  17:16  Zergling x2  
  128  17:19  Extractor  
  128  17:20  Extractor  
  128  17:21  Hydralisk x2  
  131  17:26  Hydralisk x2  
  115  17:40  Hydralisk x2  
  119  17:45  Hydralisk  
  119  17:46  Hydralisk x2  
  119  18:05  Drone, Zergling x10  
  98  18:27  Zergling x12  
  96  18:28  Zergling x8  
  105  18:43  Hatchery  
  101  19:03  Lurker  
  101  19:04  Lurker  
  103  19:19  Hatchery  
  90  19:58  Hydralisk x3, Drone x2  
  97  20:09  Hydralisk x3  
  103  20:17  Hydralisk x2  
  103  20:18  Hydralisk  
Show
View Real Time Build Order
Export as new Build Order

ShaDoWn Protoss - Winner!

Build Orders: Nexus First 

Get SALT Encoding   

  12  0:01  Probe (Chrono Boost)  
  13  0:11  Probe (Chrono Boost)  
  14  0:19  Pylon  
  14  0:22  Probe (Chrono Boost)  
  15  0:38  Probe (Chrono Boost)  
  16  0:48  Probe (Chrono Boost)  
  17  1:03  Probe (Chrono Boost)  
  18  1:04  Nexus  
  18  1:15  Gateway  
  18  1:19  Probe (Chrono Boost)  
  19  1:25  Assimilator  
  19  1:29  Probe (Chrono Boost)  
  20  1:35  Assimilator  
  20  1:40  Probe (Chrono Boost)  
  21  1:50  Probe (Chrono Boost)  
  21  1:51  Pylon  
  22  2:01  Probe (Chrono Boost)  
  23  2:02  Cybernetics Core  
  23  2:09  Zealot  
  23  2:12  Probe (Chrono Boost)  
  26  2:16  Probe (Chrono Boost)  
  26  2:22  Probe (Chrono Boost)  
  28  2:26  Probe (Chrono Boost)  
  28  2:33  Probe (Chrono Boost)  
  29  2:37  Warp Gate, Probe (Chrono Boost)  
  29  2:39  Sentry  
  29  2:44  Mothership Core (Chrono Boost)  
  34  2:48  Probe (Chrono Boost)  
  35  2:58  Probe (Chrono Boost)  
  36  3:02  Probe (Chrono Boost)  
  37  3:06  Sentry  
  37  3:09  Probe (Chrono Boost)  
  37  3:12  Probe (Chrono Boost)  
  41  3:19  Probe (Chrono Boost)  
  42  3:23  Nexus, Probe (Chrono Boost)  
  42  3:26  Pylon  
  43  3:30  Probe (Chrono Boost)  
  43  3:33  Probe (Chrono Boost)  
  45  3:40  Probe (Chrono Boost)  
  46  3:45  Probe (Chrono Boost), Sentry  
  46  3:46  Gateway x2  
  49  3:50  Pylon  
  49  3:51  Probe (Chrono Boost)  
  51  3:55  Probe (Chrono Boost)  
  51  3:56  Assimilator  
  51  4:00  Assimilator  
  51  4:02  Probe (Chrono Boost)  
  52  4:06  Probe (Chrono Boost)  
  53  4:11  Forge  
  53  4:12  Probe (Chrono Boost)  
  53  4:18  Probe (Chrono Boost)  
  53  4:23  Probe (Chrono Boost)  
  52  4:30  Probe (Chrono Boost)  
  51  4:33  Probe (Chrono Boost)  
  51  4:35  Probe (Chrono Boost)  
  51  4:37  Protoss Ground Weapons Level 1  
  52  4:41  Probe (Chrono Boost)  
  52  4:42  Sentry x3  
  52  4:44  Probe (Chrono Boost)  
  60  4:49  Twilight Council, Probe (Chrono Boost)  
  60  4:52  Probe (Chrono Boost)  
  62  4:54  Probe (Chrono Boost)  
  62  4:57  Pylon  
  64  5:00  Probe (Chrono Boost)  
  64  5:02  Probe (Chrono Boost)  
  64  5:05  Probe (Chrono Boost)  
  64  5:07  Sentry x2  
  68  5:08  Adept  
  68  5:10  Probe (Chrono Boost)  
  68  5:11  Blink  
  68  5:13  Probe (Chrono Boost)  
  74  5:15  Probe (Chrono Boost)  
  74  5:21  Probe (Chrono Boost)  
  76  5:23  Pylon  
  76  5:24  Probe (Chrono Boost)  
  76  5:27  Probe (Chrono Boost)  
  78  5:31  Probe (Chrono Boost)  
  79  5:37  Gateway  
  79  5:39  Gateway  
  79  5:41  Gateway  
  79  5:42  Gateway  
  79  5:45  Gateway  
  79  5:48  Sentry x2  
  83  5:51  Stalker  
  85  5:58  Phoenix  
  85  6:00  Pylon  
  85  6:01  Probe (Chrono Boost)  
  85  6:02  Pylon  
  86  6:05  Pylon  
  86  6:07  Probe (Chrono Boost)  
  86  6:08  Probe (Chrono Boost)  
  86  6:10  Assimilator  
  88  6:11  Pylon  
  88  6:13  Probe (Chrono Boost), Assimilator  
  89  6:18  Stalker  
  89  6:19  Stalker  
  89  6:21  Stalker  
  95  6:37  Protoss Ground Armor Level 1  
  95  6:38  Stalker x4  
  101  6:42  Photon Cannon  
  101  6:43  Photon Cannon  
  101  6:48  Stalker  
  101  6:49  Stalker x2  
  105  7:03  Stalker x4  
  91  7:16  Stalker x3  
  89  7:26  Stalker x2  
  89  7:27  Stalker  
  95  7:36  Stalker  
  96  7:42  Gateway  
  96  7:43  Pylon, Gateway  
  96  7:45  Pylon  
  96  7:49  Stalker x2  
  100  7:59  Pylon  
  100  8:04  Stalker x4  
  108  8:12  Stalker  
  108  8:13  Stalker  
  112  8:24  Mothership Core (Chrono Boost)  
  112  8:28  Protoss Ground Weapons Level 2, Stalker x4  
  120  8:41  Stalker x2  
  102  8:44  Probe (Chrono Boost)  
  102  8:45  Probe (Chrono Boost)  
  104  8:51  Stalker x5  
  114  8:57  Stalker  
  116  9:08  Nexus  
  102  9:20  Stalker x7  
  102  9:24  Stalker  
  114  9:44  Stalker x2  
  114  9:45  Stalker x3  
  124  9:50  Pylon x2  
  124  9:52  Pylon  
  120  10:00  Stalker x2  
  120  10:02  Charge  
  120  10:05  Robotics Facility  
  124  10:18  Stalker x3  
  124  10:19  Sentry  
  132  10:23  Probe x2 (Chrono Boost)  
  132  10:26  Probe (Chrono Boost)  
  136  10:31  Stalker, Sentry x2  
  143  10:35  Probe (Chrono Boost)  
  143  10:36  Probe (Chrono Boost)  
  143  10:38  Zealot  
  145  10:52  Protoss Ground Weapons Level 3  
  145  10:56  Zealot x4  
  145  10:57  Zealot x2  
  157  11:00  Observer  
  157  11:02  Zealot, Templar Archives  
  160  11:10  Assimilator  
  160  11:13  Assimilator  
  160  11:14  Zealot  
  160  11:16  Probe (Chrono Boost)  
  163  11:21  Observer  
  156  11:25  Zealot  
  156  11:26  Zealot x3  
  156  11:28  Pylon  
  156  11:30  Pylon  
  164  11:37  Pylon  
  158  11:57  Robotics Bay  
  158  11:58  Robotics Facility  
  150  12:02  Zealot  
  150  12:03  Zealot x7  
  166  12:13  Warp Prism  
  168  12:21  Photon Cannon  
  168  12:23  Photon Cannon  
  168  12:38  Stalker x6  
  168  12:42  Pylon x2  
  180  12:48  Observer  
  177  12:54  Disruptor  
  177  12:56  Pylon  
  176  13:00  Probe (Chrono Boost)  
  176  13:02  Probe x2 (Chrono Boost)  
  176  13:04  Disruptor, High Templar x4  
  187  13:08  Archon x2  
  190  13:14  Protoss Shields Level 1  
  188  13:30  Disruptor  
  191  13:35  Disruptor  
  184  13:49  Stalker x8  
  184  13:54  Pylon x2  
  200  14:01  Stargate  
  200  14:20  Disruptor  
  187  14:38  Disruptor  
  187  14:43  Nexus  
  190  14:51  Disruptor  
  190  14:56  Assimilator  
  190  14:57  Assimilator  
  190  14:59  Pylon  
  193  15:02  Oracle, Pylon  
  196  15:10  Stalker x2  
  141  15:44  Disruptor  
  141  15:46  Disruptor  
  141  15:48  Stalker x8  
  142  16:14  Stalker x2  
  142  16:15  Stalker x5  
  134  16:53  Stalker x2  
  134  16:54  Stalker x5  
  143  16:59  Robotics Facility x2  
  144  17:01  Robotics Bay  
  141  17:20  Probe (Chrono Boost)  
  141  17:21  Probe (Chrono Boost)  
  141  17:22  Probe (Chrono Boost)  
  138  17:45  Zealot x5  
  138  17:46  Zealot x2  
  138  17:48  Observer, Disruptor  
  138  17:50  Pylon  
  154  17:52  Cybernetics Core  
  151  18:08  Disruptor  
  154  18:13  Zealot  
  154  18:14  Zealot x4  
  162  18:26  Disruptor  
  165  18:44  Disruptor  
  168  18:50  Probe x2 (Chrono Boost)  
  168  18:51  Probe (Chrono Boost)  
  169  19:01  Pylon  
  169  19:04  Gateway  
  169  19:06  Gateway  
  169  19:08  Pylon, Gateway  
  169  19:09  Gateway  
  169  19:11  Pylon  
  169  19:13  Pylon  
  169  19:19  Stargate  
  167  19:29  Stalker  
  166  19:40  Zealot x5  
  166  19:43  Probe x3 (Chrono Boost)  
  174  19:47  Disruptor  
  174  19:48  Disruptor  
  180  19:53  Probe (Chrono Boost)  
  181  20:18  Oracle  
  184  20:23  Stalker x4  
  184  20:24  Stalker x4  
  152  20:51  Stalker x2  
  152  20:52  Stalker x6  
Tags
 
Add a new tag
Caveats
  • Supply blocks, unpowered buildings, or Contaminate may cause inaccurate times.
  • Supply counts are checked every 10 seconds.